 Dungeon Crawl Stone Soup version 0.29.1-15-g9cfb28693d (webtiles) character file.

Game seed: 11638052519570397161

115608 BuddhaDhamma the Axe Maniac (level 16, -1/122 HPs)
             Began as a Minotaur Berserker on Mar 9, 2023.
             Was the Champion of Trog.
             Blown up by an orb spider (32 damage)
             ... with an orb of destruction
             ... on level 2 of the Spider Nest on Mar 10, 2023.
             The game lasted 01:01:45 (31355 turns).

BuddhaDhamma the Axe Maniac (Minotaur Berserker)   Turns: 31355, Time: 01:01:45

Health: -1/122     AC: 34    Str: 38    XL:     16   Next: 19%
Magic:  5/5        EV: 10    Int: 17    God:    Trog [******]
Gold:   1530       SH:  0    Dex:  9    Spells: 15/15 levels left

rFire   + + .      SeeInvis .   G - +8 executioner's axe (antimagic)
rCold   . . .      Faith    +   (shield currently unavailable)
rNeg    + . .      Spirit   .   k - +7 chain mail
rPois   +          Reflect  .   j - -2 hat of the Alchemist {rElec rPois rF+ rC+ rN+ Will+ rMut rCorr}
rElec   +          Harm     .   n - +2 cloak
rCorr   +          Rampage  .   D - +2 pair of gloves of Truth {Slay+4}
rMut    +                       v - +2 pair of boots
Will    ++...                   i - amulet of faith
Stlth   ..........              l - ring of poison resistance
HPRegen 0.30/turn               O - ring of Grace {Fire Drain Str+9 Int+9 Stlth-}
MPRegen 0.09/turn

@: no status effects
A: horns 2, retaliatory headbutt, iridescent scales 1, clever 1
a: Renounce Religion, Berserk, Trog's Hand, Brothers in Arms


You were on level 2 of the Spider Nest.
You worshipped Trog.
Trog was exalted by your worship.
You visited 4 branches of the dungeon, and saw 24 of its levels.
You also visited: Sewer.

You collected 2273 gold pieces.
You spent 743 gold pieces at shops.

Inventory:

Hand Weapons
 G - a +8 antimagic executioner's axe (weapon)
Missiles
 e - 11 curare-tipped darts (quivered)
 y - 3 throwing nets
Armour
 j - the -2 hat of the Alchemist (worn) {rElec rPois rF+ rC+ rN+ Will+ rMut rCorr}
   (You acquired it on level 1 of the Lair of Beasts)

   rF:        It protects you from fire.
   rC:        It protects you from cold.
   rElec:     It insulates you from electricity.
   rPois:     It protects you from poison.
   rN:        It protects you from negative energy.
   rCorr:     It protects you from acid and corrosion.
   rMut:      It protects you from mutation.
   Will:      It increases your willpower.
 k - a +7 chain mail (worn)
 n - a +2 cloak (worn)
 v - a +2 pair of boots (worn)
 D - the +2 pair of gloves of Truth (worn) {Slay+4}
   (You bought it in a shop on level 4 of the Dungeon)

   Slay:      It affects your accuracy & damage with ranged weapons and melee
   (+4).
Jewellery
 i - an amulet of faith (around neck)
 l - a ring of poison resistance (left hand)
 p - a ring of magical power
 q - a +6 ring of dexterity
 B - a +6 ring of intelligence
 O - the ring of Grace (right hand) {Fire Drain Str+9 Int+9 Stlth-}
   (You acquired it on level 3 of the Lair of Beasts)

   [ring of fire]

   It enhances your fire magic.
   Str:       It affects your strength (+9).
   Int:       It affects your intelligence (+9).
   rF:        It protects you from fire.
   rC:        It makes you vulnerable to cold.
   Drain:     It drains your maximum health when unequipped.
   Stlth:     It makes you less stealthy.
 P - a ring of ice
Wands
 d - a wand of digging (6)
 g - a wand of light (9)
 s - a wand of polymorph (26)
 w - a wand of paralysis (11)
 z - a wand of roots (23)
 M - a wand of flame (37)
 R - a wand of mindburst (17)
Scrolls
 f - 6 scrolls of poison
 h - 3 scrolls of blinking
 r - 3 scrolls of butterflies
 x - 6 scrolls of identify
 A - 12 scrolls of teleportation
 H - a scroll of fear
 I - a scroll of silence
 S - a scroll of brand weapon
 U - 2 scrolls of noise
Potions
 a - a potion of invisibility
 b - 5 potions of lignification
 c - 6 potions of curing
 m - 4 potions of cancellation
 o - 6 potions of haste
 t - 7 potions of magic
 u - 2 potions of resistance
 C - a potion of berserk rage
 E - 3 potions of flight
 J - 3 potions of might
 K - 6 potions of ambrosia
Miscellaneous
 L - a lightning rod (4/4)
 N - a phantom mirror
 Q - a box of beasts


   Skills:
 + Level 5.7 Fighting
 O Level 27 Axes
 * Level 20.1 Armour
 - Level 2.1 Dodging


You had 15 spell levels left.
You didn't know any spells.
Your spell library was empty.

Dungeon Overview and Level Annotations

Branches:
Dungeon (15/15)            Temple (0/1) D:6            Lair (5/5) D:11
  Swamp (0/4) Lair:3       Spider (2/4) Lair:2        Slime (0/5) Lair:4
    Orc (2/2) D:12            Elf (0/3) Orc:2        Vaults (0/5) D:13
 Depths (0/4) D:15          Sewer (visited)

Altars:
Cheibriados
Elyvilon
Fedhas
Trog
Uskayaw
The Shining One

Shops:
D:4 *   Orc:2 ([(??

Portals:
Trove: D:12 (give +6 demon blade)

Annotations:
Lair:4 1 runed translucent door


Innate Abilities, Weirdness & Mutations

You have a pair of horns on your head.
You reflexively headbutt those who attack you in melee.
You are partially covered in iridescent scales. (AC +2)
Your mind is acute. (Int +4, Str/Dex -1)


Message History

The orb spider weaves a glowing orb of energy.
The orb of destruction hits a rock wall.
You slice the orb spider!!
The orb spider's magic leaks into the air.
You headbutt the orb spider.
The orb spider is severely wounded.
The orb spider begins to weave its threads into a brightly glowing ball.
You open the orb spider like a pillowcase!!!
You kill the orb spider!
Trog accepts your kill.
You start resting.
HP restored.
Found a stone staircase leading up.
An orb spider comes into view.
The orb spider's many legs skitter faintly.
A culicivora comes into view.
The orb spider spins a strand of pure energy.
The orb spider weaves a glowing orb of energy.
An orb of destruction comes into view.
The orb spider begins to weave its threads into a brightly glowing ball.
The orb of destruction hits you!!
The orb spider weaves a glowing orb of energy.
An orb of destruction comes into view.
The orb of destruction hits you!!
The orb spider begins to weave its threads into a brightly glowing ball.
The orb spider weaves a glowing orb of energy.
An orb of destruction comes into view.
The orb of destruction hits you!!
The orb spider begins to weave its threads into a brightly glowing ball.
The orb spider weaves a glowing orb of energy.
An orb of destruction comes into view.
The wavering orb of destruction hits you!!
* * * LOW HITPOINT WARNING * * *
The orb spider spins a strand of pure energy.
You feel better.
You feel better.
The orb spider weaves a glowing orb of energy.
An orb of destruction comes into view.
The orb of destruction hits you!!
You die...

#......)..#.....#.......##
#..#.#........##.....###
#....^.......####.#.##
###....#.#.#.....##.###
#......###....#......#
##...........s.......#
##..........○##..>.##
#..........○...)..##
##<.###.....@......# #^.##
##.........^### ####
##............####
##...#............#
#..†##...........##
#...........#...##
#....#.#........##
#####............#
##....^.<#...#


You could see an orb spider.

Vanquished Creatures
  Rupert (D:14)
  Kirke (D:12)
  An orc warlord (Orc:2)
  A stone giant (D:15)
  2 entropy weavers
  Nessos (Lair:4)
  2 dire elephants (Lair:5)
  7 hydras
  Harold (D:10)
  Fannar (Lair:3)
  10 boulder beetles
  Erolcha (D:12)
  A catoblepas (D:13)
  2 radroaches
  5 centaur warriors
  A jorogumo (Spider:1)
  5 tengu warriors
  7 two-headed ogres
  A death yak (Lair:5)
  An orc high priest (Orc:2)
  Sonja (D:12)
  A pharaoh ant (Spider:1)
  Amaemon (Lair:3)
  A spectral anaconda (Lair:5)
  An orb spider (Spider:2)
  The ghost of Lysca the Summoner, a novice FoSu (D:7)
  3 deep elf pyromancers
  3 necromancers (Lair:5)
  An obsidian statue (Lair:5)
  3 orc knights
  An oklob plant (Lair:3)
  6 wolf spiders (Spider:1)
  13 ugly things
  5 manticores
  3 cyclopes
  A moth of wrath (Spider:2)
  20 elephants
  A dire elephant zombie (Lair:5)
  A gargoyle (D:11)
  Maggie (D:8)
  14 cane toads
  2 torpor snails
  An unseen horror zombie (D:9)
  An unseen horror (D:12)
  7 black mambas
  2 demonic crawlers
  An orange demon (Lair:3)
  2 dire elephant skeletons (Lair:5)
  2 rime drakes
  A freezing wraith (D:14)
  14 komodo dragons
  2 tengu conjurers (D:15)
  4 trolls
  A queen bee (Lair:1)
  3 meliai (D:14)
  16 blink frogs
  A spectral elephant (Lair:5)
  3 tarantellas
  8 dream sheep
  2 hornets
  6 slime creatures (D:13)
  A vampire (D:9)
  66 yaks
  14 jumping spiders
  8 culicivoras
  2 wyverns
  Sigmund (D:5)
  2 wraiths
  2 shadows
  2 steam dragons
  3 basilisks
  16 humans (D:13)
  9 redbacks (Spider:1)
  12 vampire mosquitoes
  Grum (D:8)
  A spectral cane toad (Lair:5)
  2 death yak simulacra (Lair:5)
  2 wargs
  2 acid dragons
  13 water moccasins
  4 ice beasts
  A sky beast (D:7)
  4 black bears
  29 orc warriors
  6 ogres
  4 boggarts (D:14)
  15 centaurs
  8 wolves
  2 elephant skeletons (Lair:5)
  2 phantoms (D:12)
  5 kobold brigands
  10 bullfrogs
  5 scorpions
  2 necrophages (D:6)
  2 gnoll sergeants
  A cane toad simulacrum (Lair:5)
  18 wights
  3 troll zombies (D:12)
  35 killer bees
  An elephant simulacrum (Lair:5)
  The ghost of hawla the Firebug, a weakling MeFE (D:6)
  5 howler monkeys
  5 electric eels
  3 centaur zombies (D:9)
  6 hounds
  Crazy Yiuf (D:2)
  18 orc priests
  3 jellies
  16 orc wizards
  3 iguanas
  3 ogre zombies (D:12)
  A killer bee zombie (D:9)
  A howler monkey zombie (D:9)
  10 gnolls
  8 adders
  A shadow imp (D:5)
  A white imp (D:7)
  2 ufetubi (D:6)
  4 worms
  2 dart slugs
  73 orcs
  7 bats
  7 endoplasms
  5 giant cockroaches
  10 hobgoblins
  3 jackals (D:1)
  2 quokkas
  13 ball pythons
  A goblin zombie (D:12)
  A hobgoblin skeleton (D:12)
  3 hobgoblin zombies (D:12)
  31 kobolds
  5 orc skeletons (D:12)
  9 orc zombies (D:12)
  3 rats
796 creatures vanquished.

Vanquished Creatures (collateral kills)
  An orc priest (D:7)
  2 gnolls (D:7)
  4 orcs (D:7)
7 creatures vanquished.

Vanquished Creatures (others)
  An orc wizard (Orc:2)
  A bush (Lair:5)
  46 fungi
  54 plants
  18 withered plants
120 creatures vanquished.

Grand Total: 923 creatures vanquished

Notes
Turn   | Place    | Note
-------+----------+-------------------------------------------
     0 | D:1      | BuddhaDhamma the Minotaur Berserker began the quest for the
                  | Orb.
     0 | D:1      | Reached XP level 1. HP: 19/19 MP: 0/0
    75 | D:1      | Reached skill level 4 in Axes
   299 | D:1      | Reached XP level 2. HP: 26/26 MP: 1/1
   853 | D:2      | Reached ** piety under Trog
   854 | D:2      | Reached skill level 5 in Axes
   955 | D:2      | Reached XP level 3. HP: 17/31 MP: 2/2
  1228 | D:2      | Found a runed translucent door.
  1229 | D:2      | Noticed Crazy Yiuf
  1237 | D:2      | Killed Crazy Yiuf
  1525 | D:2      | Reached skill level 6 in Axes
  1525 | D:2      | Reached XP level 4. HP: 38/39 MP: 3/3
  1932 | D:3      | Reached skill level 7 in Axes
  1932 | D:3      | Reached XP level 5. HP: 45/45 MP: 4/4
  2063 | D:3      | Found a faded altar of an unknown god.
  2597 | D:3      | Reached skill level 8 in Axes
  2597 | D:3      | Reached XP level 6. HP: 44/51 MP: 5/5
  2844 | D:3      | Reached *** piety under Trog
  3144 | D:4      | Found Kotusisch's General Store.
  3264 | D:4      | Reached skill level 9 in Axes
  3463 | D:4      | Found a white marble altar of Elyvilon.
  3557 | D:4      | Found a snail-covered altar of Cheibriados.
  3827 | D:4      | Reached skill level 10 in Axes
  3827 | D:4      | Reached XP level 7. HP: 57/57 MP: 6/6
  3877 | D:5      | Entered Level 5 of the Dungeon
  3940 | D:5      | Found a glowing drain.
  3945 | Sewer    | Entered a sewer
  4222 | D:5      | Reached **** piety under Trog
  4253 | D:5      | Noticed Sigmund
  4261 | D:5      | Killed Sigmund
  4262 | D:5      | Reached skill level 11 in Axes
  4550 | D:5      | Reached XP level 8. HP: 64/64 MP: 7/7
  4709 | D:6      | Reached skill level 12 in Axes
  4744 | D:6      | Noticed a troll
  4746 | D:6      | Noticed hawla's ghost (weakling MeFE)
  4747 | D:6      | Found a transporter.
  4772 | D:6      | Found a transporter.
  4822 | D:6      | Found a large runed translucent door.
  4822 | D:6      | Found a large runed translucent door.
  4831 | D:6      | Noticed a two-headed ogre
  4831 | D:6      | Noticed a two-headed ogre
  4849 | D:6      | Reached skill level 13 in Axes
  4981 | D:6      | Reached skill level 14 in Axes
  5045 | D:6      | Reached XP level 9. HP: 70/70 MP: 8/8
  5072 | D:6      | Found a staircase to the Ecumenical Temple.
  5233 | D:6      | Found a large runed translucent door.
  5233 | D:6      | Found a large runed translucent door.
  5281 | D:6      | Reached skill level 15 in Axes
  5549 | D:6      | Killed a two-headed ogre
  5554 | D:6      | Killed a two-headed ogre
  5555 | D:6      | Reached skill level 16 in Axes
  5724 | D:6      | Killed hawla's ghost
  5734 | D:6      | Killed a troll
  5735 | D:6      | Reached skill level 17 in Axes
  5735 | D:6      | Reached XP level 10. HP: 77/77 MP: 9/9
  5912 | D:7      | Gained mutation: You are partially covered in iridescent
                  | scales. (AC +2) [potion of mutation]
  5912 | D:7      | Gained mutation: Your mind is acute. (Int +4, Str/Dex -1)
                  | [potion of mutation]
  5921 | D:7      | HP: 5/103 [wight/+4 halberd (2)]
  6614 | D:7      | Found a runed translucent door.
  7010 | D:7      | Noticed Lysca's ghost (novice FoSu)
  7019 | D:7      | Killed Lysca's ghost
  7020 | D:7      | Reached skill level 18 in Axes
  7278 | D:8      | Noticed Grum
  7304 | D:8      | Killed Grum
  7772 | D:8      | Reached skill level 19 in Axes
  7817 | D:8      | Found a glowing golden altar of the Shining One.
  8026 | D:8      | Noticed Maggie
  8053 | D:8      | Killed Maggie
  8055 | D:8      | Noticed a two-headed ogre
  8273 | D:8      | Killed a two-headed ogre
  8417 | D:9      | Reached XP level 11. HP: 49/82 MP: 10/10
  8995 | D:9      | Reached ***** piety under Trog
  8996 | D:9      | Reached skill level 20 in Axes
  9233 | D:9      | Paralysed by a wight for 2 turns
  9238 | D:9      | Paralysed by a wight for 5 turns
  9766 | D:10     | Entered Level 10 of the Dungeon
  9984 | D:10     | Noticed Harold
  9998 | D:10     | Killed Harold
 10143 | D:10     | Found a blossoming altar of Fedhas.
 10186 | D:10     | Reached skill level 21 in Axes
 10733 | D:11     | Found a staircase to the Lair.
 10737 | D:11     | Noticed a two-headed ogre
 10755 | D:11     | Killed a two-headed ogre
 10757 | D:11     | Reached skill level 22 in Axes
 10936 | D:11     | Received a gift from Trog
 11184 | D:11     | Found a gate leading to a gauntlet.
 11397 | D:11     | Reached XP level 12. HP: 56/90 MP: 11/11
 11753 | D:11     | Found a glowing golden altar of the Shining One.
 12206 | D:12     | Noticed a two-headed ogre
 12224 | D:12     | Killed a two-headed ogre
 12612 | D:4      | Bought the +2 pair of gloves of Truth {Slay+4} for 459 gold
                  | pieces
 12821 | D:12     | Reached skill level 23 in Axes
 12869 | D:12     | Found a staircase to the Orcish Mines.
 13059 | D:12     | Noticed Erolcha
 13068 | D:12     | Killed Erolcha
 13068 | D:12     | Received a gift from Trog
 13140 | D:12     | Noticed Kirke
 13163 | D:12     | Killed Kirke
 13510 | D:12     | Noticed Sonja
 13519 | D:12     | Found a portal to a secret trove of treasure.
 13530 | D:12     | Killed Sonja
 14077 | D:13     | Noticed a tengu warrior
 14085 | D:13     | Killed a tengu warrior
 14248 | D:13     | Noticed a centaur warrior
 14261 | D:13     | Killed a centaur warrior
 14262 | D:13     | Reached skill level 24 in Axes
 14509 | D:13     | Noticed a catoblepas
 14510 | D:13     | Noticed a boulder beetle
 14524 | D:13     | Killed a boulder beetle
 14527 | D:13     | Killed a catoblepas
 14584 | D:13     | Noticed a two-headed ogre
 14638 | D:13     | Noticed a centaur warrior
 14657 | D:13     | Killed a centaur warrior
 14662 | D:13     | Reached skill level 25 in Axes
 14662 | D:13     | Reached XP level 13. HP: 76/95 MP: 4/12
 14672 | D:13     | Found a gate to the Vaults.
 15990 | Lair:1   | Entered Level 1 of the Lair of Beasts
 15998 | Lair:1   | Received a gift from Trog
 16075 | Lair:1   | Reached skill level 26 in Axes
 16127 | Lair:1   | Identified a scroll of acquirement
 16127 | Lair:1   | Acquired the -2 hat of the Alchemist {rElec rPois rF+ rC+
                  | rN+ Will+ rMut rCorr}
 16127 | Lair:1   | Found the -2 hat of the Alchemist {rElec rPois rF+ rC+ rN+
                  | Will+ rMut rCorr}
 16777 | Lair:1   | You fall into a shaft and drop 1 floor!
 17040 | Lair:2   | Found a hole to the Spider Nest.
 18873 | Lair:3   | Reached skill level 27 in Axes
 18884 | Lair:3   | Reached ****** piety under Trog
 18892 | Lair:3   | Reached skill level 5 in Armour
 19015 | Lair:3   | Identified the +5 long sword of Weuseito {freeze, rElec
                  | rF++ Will-}
 19096 | Lair:3   | Found a staircase to the Swamp.
 19389 | Lair:3   | Reached XP level 14. HP: 68/102 MP: 4/13
 19522 | Lair:3   | Noticed Amaemon
 19544 | Lair:3   | Killed Amaemon
 19601 | Lair:3   | Noticed Fannar
 19614 | Lair:3   | Killed Fannar
 19693 | Lair:3   | Received a gift from Trog
 20326 | Lair:3   | Acquired the ring of Grace {Fire Drain Str+9 Int+9 Stlth-}
 20572 | Lair:4   | Found a dark tunnel.
 20716 | Lair:4   | Noticed an acid blob
 20717 | Lair:4   | Found a runed translucent door.
 20718 | Lair:4   | Found a staircase to the Slime Pits.
 20961 | Lair:4   | Noticed Nessos
 20971 | Lair:4   | Killed Nessos
 21060 | Lair:4   | Reached skill level 10 in Armour
 21234 | Lair:5   | Entered Level 5 of the Lair of Beasts
 21287 | Lair:5   | Received a gift from Trog
 22875 | Lair:5   | Received a gift from Trog
 23456 | Lair:5   | Reached XP level 15. HP: 102/107 MP: 4/14
 23494 | Lair:5   | Reached skill level 15 in Armour
 23631 | Lair:5   | Found the +4 Cigotuvi's embrace {rMiasma Drain rN+}
 23837 | Orc:1    | Entered Level 1 of the Orcish Mines
 23916 | Orc:2    | Entered Level 2 of the Orcish Mines
 24125 | Orc:2    | Found Sesuext's Antique Weapon Boutique.
 24158 | Orc:2    | Found a staircase to the Elven Halls.
 24277 | Orc:2    | Received a gift from Trog
 24396 | Orc:2    | Found Pezisi's Magic Scroll Boutique.
 24452 | Orc:2    | Bought a scroll of enchant weapon for 97 gold pieces
 24452 | Orc:2    | Bought a scroll of enchant weapon for 97 gold pieces
 24694 | Orc:2    | Noticed an orc warlord
 24707 | Orc:2    | Found Unwaomapp's Antique Weapon Emporium.
 24713 | Orc:2    | Killed an orc warlord
 24731 | Orc:2    | Found Vomon Libba's Antique Armour Shoppe.
 24732 | Orc:2    | HP: 5/107 [orc knight/+3 battleaxe of venom (14)]
 25173 | Orc:2    | Received a gift from Trog
 25340 | Orc:2    | Found Viuquul's Magic Scroll Shop.
 25349 | Orc:2    | Bought a scroll of enchant armour for 90 gold pieces
 25852 | D:14     | Found a bloodstained altar of Trog.
 26235 | D:14     | Received a gift from Trog
 26294 | D:14     | Noticed Rupert
 26310 | D:14     | Killed Rupert
 26907 | D:15     | Entered Level 15 of the Dungeon
 27153 | D:15     | Found a hide-covered altar of Uskayaw.
 27382 | D:15     | Found a staircase to the Depths.
 28883 | Spider:1 | Entered Level 1 of the Spider Nest
 29446 | Spider:1 | Received a gift from Trog
 30040 | Spider:1 | Reached XP level 16. HP: 92/118 MP: 5/15
 30370 | Spider:1 | Reached skill level 5 in Fighting
 31355 | Spider:2 | Blown up by an orb spider

Illustrated notes

Levels and vault maps discovered:
D:1:      onia_arrival_mini_spirals, layout_rooms, nrook_mini_backslash
D:2:      layout_basic, uniq_crazy_yiuf_cottage
D:3:      cheibrodos_thug_alley, layout_basic, ebering_ecumenical_altar_box
D:4:      layout_loops_ring, lemuel_coloured_pillars_altar, elyvilon_altar_3,
          serial_shops, nicolae_shop_behind_doors, bh_walls_and_bars
D:5:      layout_rooms, gup_sewer_entry_bowl, uniq_sigmund
D:6:      layout_gridville, minmay_temple_entry_glassed_door,
          gammafunk_ghost_arena, minmay_hollow_rounded_squares
D:7:      layout_cave_pools, ebering_ghost_reflecting_pool, nrook_uturn,
          david_defended_altar_orc
D:8:      layout_loops_cross, amcnicky_altar_gilded, uniq_maggie, uniq_grum
D:9:      layout_big_octagon, serial_undead, serial_undead_b, serial_undead_f,
          serial_undead_b, serial_undead_c
D:10:     layout_irregular_city, fedhas_altar_fruit_tree, serial_column_ruins,
          column_ruins_open_small, column_ruins_grid_1, column_ruins_open_tiny,
          column_ruins_columns_straight, column_ruins_corridor_corner,
          column_ruins_open_small, uniq_harold
D:11:     layout_small_grid, due_lair_maze_entry_diamond,
          gauntlet_entry_generic, nicolae_tso_carved_into_rock
D:12:     layout_roguey, zombieorc1_lemuel, enter_trove_2,
          hangedman_decor_riveting, uniq_sonja, uniq_erolcha, uniq_kirke
D:13:     layout_loops_corners, david_vaults_3, portal_ice_cave_entry_pillars_2
D:14:     layout_irregular_city, chequers_serial_rivers_micro_b, bloody_trog,
          uniq_rupert
D:15:     grunt_enter_depths_giant_problem, layout_gridville,
          small_statue_alley_a, nicolae_uskayaw_en_pointe
Lair:1:   layout_small_grid, special_room [special_room_bee],
          infiniplex_staircase_pool
Lair:2:   layout_layer_cave, spider_nest_entry_web_field,
          chequers_serial_rivers_micro_b
Lair:3:   layout_cave_pods, minmay_swamp_entry_eels, beast_lair_carwin_5,
          serial_bayou_shore_a, infiniplex_staircase_pool_2, uniq_fannar,
          uniq_amaemon
Lair:4:   layout_long_grid, slime_entry_2, nicolae_volcano_entry_hallway,
          uniq_nessos
Lair:5:   due_jungle_book, layout_loops_ring, grunt_megastairs_1,
          lemuel_fruit_tree
Spider:1: layout_spider_delve, nicolae_spider_rock_and_or_roll
Spider:2: layout_spider_delve
Orc:1:    layout_caves, basic_altar, serial_shops,
          nicolae_shop_competitors_out_of_business
Orc:2:    grunt_orc_community_town_hall, layout_caves,
          grunt_orc_community_big_house_2, grunt_orc_community_big_house_2,
          grunt_orc_community_house_3, grunt_orc_community_house_1,
          grunt_orc_community_house_2, grunt_orc_community_house_3,
          grunt_orc_community_house_3, grunt_orc_community_house_2,
          serial_shops, shop, basic_altar

Skill      XL: |  1  2  3  4  5  6  7  8  9 10 11 12 13 14 15 16 |
---------------+-------------------------------------------------+-----
Axes           | 4 5 6 7 8 10 11 14 17 19 22 25 27 | 27.0
Armour         | 6 14 19 20 | 20.1
Fighting       | 4 5 |  5.7
Dodging        | |  2.1

Action                   |  1- 3 |  4- 6 |  7- 9 | 10-12 | 13-15 | 16-18 || total
-------------------------+-------+-------+-------+-------+-------+-------++-------
Melee: Hand axe          |    63 |    25 |       |       |       |       ||    88
       Headbutt          |     6 |    17 |    37 |    99 |   167 |    23 ||   349
       Punch             |     1 |       |     1 |     1 |       |       ||     3
       War axe           |       |    81 |   171 |       |       |       ||   252
       Broad axe         |       |       |    10 |   182 |       |       ||   192
       Battleaxe         |       |       |       |   167 |       |       ||   167
       Executioner's axe |       |       |       |    89 |   805 |    68 ||   962
Throw: Dart              |       |       |       |    22 |       |       ||    22
Invok: Berserk           |     1 |     3 |     6 |    12 |    10 |     1 ||    33
       Brothers in Arms  |       |       |       |     1 |       |       ||     1
Evoke: Wand              |       |       |       |       |     2 |       ||     2
  Use: Scroll            |       |     7 |     3 |    12 |    11 |     1 ||    34
       Potion            |       |       |       |    11 |     5 |     6 ||    22
 Stab: Petrified         |       |       |       |     5 |       |       ||     5
Armor: Ring mail         |    13 |       |       |       |       |       ||    13
       Animal skin       |     1 |       |       |       |       |       ||     1
       Chain mail        |    18 |    56 |    96 |   345 |   693 |   121 ||  1329
       Skin              |       |       |       |    10 |       |       ||    10
Dodge: Dodged            |    30 |    30 |    58 |   193 |   419 |    46 ||   776
